 Dungeon Crawl Stone Soup version 0.26-a0-8-gc4d20be (webtiles) character file.

Game seed: 16546661011582864144, levelgen mode: deterministic

4 thirtiethelement the Skirmisher (level 1, 11/18 HPs)
             Began as a Demonspawn Abyssal Knight on May 24, 2020.
             Was an Initiate of Lugonu.
             Got out of the dungeon alive.
             The game lasted 00:01:44 (434 turns).

thirtiethelement the Skirmisher (DsAK)               Turns: 434, Time: 00:01:45

Health: 11/18      AC:  4    Str: 12    XL:     1   Next: 50%
Magic:  2/2        EV: 11    Int: 13    God:    Lugonu [......]
Gold:   76         SH:  0    Dex: 12    Spells: 0/0 levels left

rFire    . . .     SeeInvis .   a - +1 falchion
rCold    . . .     Gourm    .   (no shield)
rNeg     . . .     Faith    .   b - +0 leather armour
rPois    .         Spirit   .   (no helmet)
rElec    .         Reflect  .   (no cloak)
rCorr    .         Harm     .   (no gloves)
MR       .....                  e - +0 pair of boots
Stlth    +.........             (no amulet)
HPRegen  0.06/turn              (no ring)
MPRegen  0.08/turn              (no ring)

@: no status effects
A: no striking features
a: Renounce Religion


You escaped.
You worshipped Lugonu.
Lugonu was noncommittal.
You were not hungry.

You visited 1 branch of the dungeon, and saw 1 of its levels.
You visited the Abyss 1 time.

You collected 76 gold pieces.

Inventory:

Hand Weapons
 a - a +1 falchion (weapon)
Armour
 b - a +0 leather armour (worn)
 e - a +0 pair of boots (worn)
Wands
 d - a wand of random effects (16)
Scrolls
 f - 2 scrolls of identify
Comestibles
 c - 4 rations


   Skills:
 + Level 3.2 Fighting
 + Level 1.7 Long Blades
 + Level 1.7 Armour
 + Level 0.8 Dodging
 + Level 2.6 Invocations


You couldn't memorise any spells.
You didn't know any spells.
Your spell library contained the following spells:

 Spells                   Type           Power        Failure   Level  Hunger
 Bolt of Magma            Conj/Fire/Erth #.........   100%        5    ######.
 Iskenderun's Battlesphe  Conj/Chrm      #.......     100%        5    ######.
 Iron Shot                Conj/Erth      #.........   100%        6    #######
 Orb of Destruction       Conj           #.........   100%        7    #######
 Spellforged Servitor     Conj/Summ      #.........   100%        7    #######


Dungeon Overview and Level Annotations

Branches:
Dungeon (1/15)

Altars:


Message History

You completely miss the rat. The rat bites you but does no damage.
The rat bites you.
You hit the rat.
You kill the rat!
Lugonu accepts your kill. The rat barely misses you.
You closely miss the rat. The rat closely misses you.
You riposte.
You closely miss the rat.
Your leather armour prevents you from hitting the rat.
The rat bites you. The rat bites you but does no damage.
You closely miss the rat. The rat bites you.
You closely miss the rat. The rat closely misses you.
You riposte.
You hit the rat.
You kill the rat!
Lugonu accepts your kill.
Things that are here:
a +0 club; a hobgoblin corpse
There is a staircase leading out of the dungeon here.
Are you sure you want to leave the Dungeon?
This will make you lose the game!
You have escaped!

##########.####### ..
#..#.............#..# #.
#.#...............# #.
##.......#.#.......# ###.#
#......#.#.#.#......# ....
#.....##.#.#.##.....#
###..##......[⌠#.#⌠. .....#
......#..#######.#######..#
#.............@...........
##.##..#######.#######..#.
#. #.......⌠#.#⌠. .....# #.
#.....##.#.#.##.....# #.
#......#.#.#.#......# #.
##.......#.#.......# #.
#.#...............# #.
#..#.....))......#..#
##########.#########


There were no monsters in sight!

Vanquished Creatures
  2 hobgoblins (D:1)
  2 rats (D:1)
4 creatures vanquished.

Notes
Turn   | Place    | Note
-------+----------+-------------------------------------------
     0 | Abyss:1  | thirtiethelement the Demonspawn Abyssal Knight began the
                  | quest for the Orb.
     0 | Abyss:1  | Reached XP level 1. HP: 18/18 MP: 2/2
    35 | Abyss:2  | Noticed a small abomination
    76 | Abyss:3  | Noticed a small abomination
    84 | Abyss:3  | Noticed a chaos spawn
    86 | Abyss:3  | Noticed a small abomination
    96 | Abyss:3  | Noticed a worldbinder
    99 | Abyss:3  | Noticed an orc priest
    99 | Abyss:3  | Noticed a troll
    99 | D:1      | Escaped the Abyss
   434 | D:$      | Got out of the dungeon alive.

Illustrated notes

Levels and vault maps discovered:
D:1:      matt_arrival_grand_opening, layout_basic, minmay_pentomino_t2

Action                   || total
-------------------------++-------
Melee: Falchion          ||    11
Invok: Depart the Abyss  ||     1
  Use: Scroll            ||     1
Armor: Leather armour    ||     2
Dodge: Dodged            ||    10
       Rpst.: Falchion   ||     6

Table legend:
 A = Non-vault XP
 B = Vault XP
 C = Vault XP percentage of total XP
 D = Non-vault monster count
 E = Vault monster count
 F = Vault count percentage of total count
                 A         B        C        D         E       F
            +---------+---------+-------+---------+---------+-------
      Total |       6 |       0 |   0.0 |       4 |       0 |   0.0
            +---------+---------+-------+---------+---------+-------
        D:1 |       6 |       0 |   0.0 |       4 |       0 |   0.0
            +---------+---------+-------+---------+---------+-------
